 Dungeon Crawl Stone Soup version 0.20.0-10-g0535bb4 (webtiles) character file.

5404 Jawreze the Destroyer (level 10, -6/50 HPs)
             Began as a Deep Elf Wizard on June 4, 2017.
             Was a Follower of Vehumet.
             Mangled by a yak (8 damage)
             ... on level 9 of the Dungeon on June 5, 2017.
             The game lasted 00:57:25 (14458 turns).

Jawreze the Destroyer (Deep Elf Wizard)            Turns: 14458, Time: 00:57:26

Health: -6/50      AC:  3    Str:  4    XL:     10   Next: 40%
Magic:  14/27      EV: 17    Int: 27    God:    Vehumet [*.....]
Gold:   443        SH:  0    Dex: 15    Spells: 22/31 levels left

rFire    + + .     SeeInvis +   O - +7 whip of Tension {slash, rF+ Dex+2}
rCold    . . .     Gourm    .   (no shield)
rNeg     . . .     Faith    .   n - +0 robe "Woozunoa" {rF+ rCorr SInv} (curse)
rPois    .         Spirit   .   b - +0 hat
rElec    .         Reflect  .   B - +0 cloak
rCorr    +         Harm     .   (no gloves)
MR       +....                  (no boots)
Stlth    ++........             (no amulet)
Regen    0.2/turn               (no ring)
MPRegen  0.2/turn               (no ring)

@: drained
A: no striking features
a: Renounce Religion


You were on level 9 of the Dungeon.
You worshipped Vehumet.
Vehumet was aware of your devotion.
You were not hungry.

You visited 2 branches of the dungeon, and saw 10 of its levels.

You collected 443 gold pieces.

Inventory:

Hand Weapons
 m - a +0 scimitar of flaming
 O - the +7 whip of Tension (weapon) {slash, rF+ Dex+2}
   (You found it on level 8 of the Dungeon)

   It inflicts extra damage upon your enemies.
   It affects your dexterity (+2).
   It protects you from fire.
Armour
 b - a +0 hat (worn)
 n - the cursed +0 robe "Woozunoa" (worn) {rF+ rCorr SInv}
   (You found it on level 8 of the Dungeon)

   It protects you from fire.
   It lets you see invisible.
   It protects you from acid and corrosion.
   It has a curse placed upon it.
 B - a +0 cloak (worn)
Jewellery
 q - a +4 ring of dexterity {unknown}
 u - an uncursed ring of fire {unknown}
 A - a cursed ring of teleportation {unknown}
 E - an uncursed ring of ice {unknown}
 G - an uncursed ring of protection from fire {unknown}
 H - an uncursed amulet of magic regeneration {unknown}
 M - an uncursed ring of stealth {unknown}
 P - a +5 amulet of reflection {unknown}
Wands
 a - a wand of clouds (4/9)
 F - a wand of iceblast (4/15)
 K - a wand of polymorph (9/24)
 L - a wand of paralysis (10/24)
Scrolls
 e - a scroll of immolation {unknown}
 p - 3 scrolls of magic mapping {unknown}
 r - 8 scrolls of identify
 s - 2 scrolls of recharging {unknown}
 t - 3 scrolls of remove curse
 v - 4 scrolls of teleportation
 w - 3 scrolls of fog {unknown}
 x - 2 scrolls of noise {unknown}
 C - 3 scrolls of enchant armour {unknown}
 I - a scroll of fear {unknown}
 J - 2 scrolls of enchant weapon {unknown}
 N - a scroll of amnesia {unknown}
Potions
 f - 5 potions of flight {unknown}
 g - 3 potions of brilliance {unknown}
 h - a potion of lignification {unknown}
 i - 2 potions of heal wounds {unknown}
 j - a potion of degeneration {unknown}
 k - 2 potions of mutation {unknown}
 o - 5 potions of curing
 D - a potion of resistance {unknown}
Books
 c - a book of Minor Magic

   Spells                             Type                      Level
   a - Magic Dart                     Conjuration                  1
   b - Blink                          Translocation                2
   c - Call Imp                       Summoning                    2
   d - Slow                           Hexes                        2
   e - Conjure Flame                  Conjuration/Fire             3
   f - Mephitic Cloud                 Conjuration/Poison/Air       3
Comestibles
 d - 10 bread rations
 l - 4 meat rations


   Skills:
 - Level 0.1(0.0) Fighting
 - Level 0.1(0.0) Long Blades
 + Level 8.5(7.8) Dodging
 - Level 2.4(1.8) Stealth
 + Level 11.3(10.5) Spellcasting
 * Level 12.0(11.2) Conjurations
   Level 1.1(0.5) Summonings
 - Level 1.7(1.1) Translocations
 - Level 0.2(0.0) Air Magic


You had 22 spell levels left.
You knew the following spells:

 Your Spells              Type           Power        Failure   Level  Hunger
a - Magic Dart            Conj           ####         1%          1    None
b - Blink                 Tloc           N/A          3%          2    None
c - Conjure Flame         Conj/Fire      #####...     1%          3    None
d - Mephitic Cloud        Conj/Pois/Air  ####....     2%          3    None


Dungeon Overview and Level Annotations

Branches:
Dungeon (9/15)             Temple (1/1) D:7
   Lair: D:8-11         Orc: D:9-12

Altars:
Ashenzari
Cheibriados
Dithmenos
Elyvilon
Fedhas
Gozag
Hepliaklqana
Kikubaaqudgha
Makhleb
Nemelex Xobeh
Ru
Uskayaw
Vehumet
Yredelemnul
Zin
The Shining One
Jiyva

Shops:
D:8 [

Annotations:
D:9 Erolcha


Message History

Confirm with . or Enter, or press ? or * to list all spells.
Aiming: Magic Dart
Press: ? - help, Shift-Dir - straight line, f/p - wight
Aim: a wight, wielding an enchanted mace and wearing a robe (moderately damaged)
The magic dart hits the wight.
The wight is moderately damaged.
The wight completely misses you.
The wight hits you with an enchanted mace!
You feel drained.
The wight hits you with an enchanted mace!
* * * LOW HITPOINT WARNING * * *
Items here: )) [[ a trident; a robe; an enchanted hand axe; a robe
There is a stone staircase leading down here.
You climb downwards.
Level annotation: Erolcha The yak completely misses you.
The yak gores you!
* * * LOW HITPOINT WARNING * * *
The yak gores you!
You die... #... #...... .... ##..... .... ...... ..o. #..... yy..

#....## o..# #.....
###.###+#####.Y.Y##.###.
...............Y@z......
#'#'#....#####.#Y##.####
.........## # #.#
............| ...
.<...##.##### ###
#.#....... #.......###
#.####### #.#


You could see 4 yaks and a wight.

Vanquished Creatures
  Erica (D:8)
  Pikel (D:8)
  A hippogriff (D:8)
  Sigmund (D:3)
  Eustachio (D:6)
  A yak (D:8)
  Menkaure (D:4)
  2 slaves (D:8)
  An orc warrior (D:8)
  2 ice beasts
  A black bear (D:8)
  A phantom (D:8)
  2 ogres
  A big kobold (D:7)
  Blork the orc (D:6)
  4 bullfrogs
  A scorpion (D:4)
  6 wights
  12 killer bees
  2 howler monkeys
  3 crimson imps
  A quasit (D:9)
  2 jellies
  A centaur zombie (D:5)
  3 bullfrog zombies
  7 hounds
  A centaur skeleton (D:4)
  A gnoll shaman (D:4)
  An orc priest (D:7)
  Crazy Yiuf (D:2)
  5 orc wizards
  3 bullfrog skeletons
  Jessica (D:2)
  2 iguanas
  5 worker ants
  2 hound zombies
  2 hound skeletons
  Robin (D:2)
  3 worker ant zombies
  A howler monkey zombie (D:5)
  14 gnolls
  8 adders
  A howler monkey skeleton (D:5)
  2 shadow imps (D:7)
  An ooze (D:2)
  4 adder zombies
  7 worms
  2 dart slugs (D:1)
  5 leopard geckos
  24 orcs
  5 giant cockroaches
  20 goblins
  10 hobgoblins
  13 jackals
  18 kobolds
  5 quokkas
  A ball python skeleton (D:3)
  8 bats
  6 frilled lizards
  A leopard gecko zombie (D:5)
  A quokka skeleton (D:6)
  4 rats
249 creatures vanquished.

Vanquished Creatures (others)
  A spriggan (D:8)
  2 slaves (D:8)
  A killer bee (D:8)
  A hound (D:8)
  A ball python (D:1)
6 creatures vanquished.

Grand Total: 255 creatures vanquished

Notes
Turn   | Place    | Note
-------+----------+-------------------------------------------
     0 | D:1      | Jawreze the Deep Elf Wizard began the quest for the Orb.
     0 | D:1      | Reached XP level 1. HP: 10/10 MP: 7/7
   393 | D:1      | Reached skill level 5 in Spellcasting
   393 | D:1      | Reached XP level 2. HP: 15/15 MP: 3/10
   946 | D:1      | Learned a level 2 spell: Blink
  1246 | D:2      | Reached XP level 3. HP: 4/19 MP: 0/12
  1316 | D:2      | Reached skill level 2 in Conjurations
  1576 | D:2      | Noticed Robin
  2039 | D:2      | Reached XP level 4. HP: 24/24 MP: 10/14
  2055 | D:2      | Reached skill level 3 in Conjurations
  2322 | D:2      | Found a runed door.
  2357 | D:2      | Learned a level 3 spell: Conjure Flame
  2429 | D:2      | Learned a level 3 spell: Mephitic Cloud
  2483 | D:2      | Killed Robin
  2689 | D:2      | Noticed Jessica
  2691 | D:2      | Killed Jessica
  2691 | D:2      | Reached skill level 4 in Conjurations
  2691 | D:2      | Reached XP level 5. HP: 28/28 MP: 8/15
  2867 | D:2      | Found an opulent altar of Gozag.
  3185 | D:2      | Noticed Crazy Yiuf
  3191 | D:2      | Killed Crazy Yiuf
  3424 | D:3      | Found a burning altar of Makhleb.
  3645 | D:3      | Noticed Sigmund
  3813 | D:3      | Reached XP level 6. HP: 20/32 MP: 2/17
  3834 | D:3      | Found a hazy altar of Hepliaklqana.
  4264 | D:4      | Noticed Menkaure
  4274 | D:4      | Killed Menkaure
  4274 | D:4      | Reached skill level 5 in Conjurations
  4650 | D:4      | Reached XP level 7. HP: 30/36 MP: 10/19
  5090 | D:4      | Reached skill level 6 in Conjurations
  5411 | D:3      | Killed Sigmund
  5959 | D:4      | Found a shattered altar of Ashenzari.
  6076 | D:4      | Reached skill level 7 in Conjurations
  6145 | D:5      | Entered Level 5 of the Dungeon
  6179 | D:5      | Found a glowing golden altar of the Shining One.
  6184 | D:5      | Found a basalt altar of Yredelemnul.
  6278 | D:5      | Got a bloodstained leather armour
  6292 | D:5      | Identified the cursed +0 leather armour of Foolhardiness {Str-3 Dex+2 SInv Stlth+} (You found it on level 5 of the Dungeon)
  6531 | D:5      | Reached XP level 8. HP: 37/41 MP: 12/22
  6571 | D:5      | Reached skill level 5 in Dodging
  7240 | D:5      | Reached skill level 8 in Conjurations
  7373 | D:5      | Found a shadowy altar of Dithmenos.
  7572 | D:5      | Noticed an angel
  7824 | D:6      | Found a glowing silver altar of Zin.
  8365 | D:6      | Noticed Eustachio
  8376 | D:6      | Killed Eustachio
  8537 | D:6      | Noticed Blork the orc
  8548 | D:6      | Killed Blork the orc
  8548 | D:6      | Reached skill level 9 in Conjurations
  8988 | D:6      | Found a sparkling altar of Nemelex Xobeh.
  9237 | D:7      | Found a staircase to the Ecumenical Temple.
  9338 | D:7      | Reached XP level 9. HP: 45/45 MP: 4/24
  9827 | Temple   | Entered the Ecumenical Temple
  9840 | Temple   | Became a worshipper of Vehumet
 10638 | D:8      | Noticed Pikel
 10648 | D:8      | Killed Pikel
 10648 | D:8      | Reached skill level 10 in Spellcasting
 10648 | D:8      | Reached skill level 10 in Conjurations
 10925 | D:8      | Found a basalt altar of Yredelemnul.
 10942 | D:8      | Found Hyebes's Antique Armour Shop.
 11043 | D:8      | Found a blossoming altar of Fedhas.
 11241 | D:8      | Got a fabulously ornate robe
 11252 | D:8      | Identified the cursed +0 robe "Woozunoa" {rF+ rCorr SInv} (You found it on level 8 of the Dungeon)
 11263 | D:8      | Got an ebony whip
 11266 | D:8      | Identified the +7 whip of Tension {slash, rF+ Dex+2} (You found it on level 8 of the Dungeon)
 11374 | D:8      | Noticed Erica
 11863 | D:8      | Reached skill level 11 in Conjurations
 11925 | D:8      | Killed Erica
 11925 | D:8      | Reached XP level 10. HP: 50/50 MP: 5/26
 12377 | D:8      | Found a white marble altar of Elyvilon.
 12615 | D:9      | Noticed Erolcha
 13093 | D:8      | Reached * piety under Vehumet
 13093 | D:8      | Offered knowledge of Freeze by Vehumet.
 13226 | D:8      | HP: 1/50 [killer bee (5)]
 14269 | D:8      | Reached skill level 12 in Conjurations
 14458 | D:9      | HP: 2/50 [yak (13)]
 14458 | D:9      | Mangled by a yak

Skill      XL: |  1  2  3  4  5  6  7  8  9 10 |
---------------+-------------------------------+-----
Spellcasting   | 5 6 7 8 9 10 11 | 11.3
Conjurations   | 2 4 5 7 9 11 12 | 12.0
Dodging        | 3 4 6 8 |  8.5
Fighting       | |  0.1
Long Blades    | |  0.1
Stealth        | |  2.4
Summonings     | |  1.1
Translocations | |  1.7
Air Magic      | |  0.2

Action                   |  1- 3 |  4- 6 |  7- 9 | 10-12 || total
-------------------------+-------+-------+-------+-------++-------
Melee: Unarmed           |       |     3 |       |       ||     3
       Long sword        |       |    14 |    28 |       ||    42
       Whip              |       |       |    12 |    19 ||    31
 Cast: Magic Dart        |   114 |   155 |   495 |   212 ||   976
       Blink             |     6 |     4 |    12 |    16 ||    38
       Mephitic Cloud    |       |    11 |    47 |    26 ||    84
       Conjure Flame     |       |     4 |    22 |     2 ||    28
  Use: Scroll            |       |       |     3 |     3 ||     6
       Potion            |       |       |     2 |       ||     2
 Stab: Confused          |       |       |     3 |     1 ||     4
  Eat: Chunk             |     3 |     8 |    17 |     5 ||    33
       Fruit             |       |       |     2 |       ||     2
       Royal jelly       |       |       |     1 |       ||     1
       Meat ration       |       |       |       |     1 ||     1
Armor: Robe              |     4 |    12 |    10 |    12 ||    38
Dodge: Dodged            |    14 |    39 |    71 |   104 ||   228
       Rpst.: Long sword |       |     7 |    16 |       ||    23
